 Dungeon Crawl Stone Soup version 0.29-a0-914-g906f1d757c (webtiles) character file.

Game seed: 10906340718979177375

101759 2tc the Green Death (level 16, -2/121 (126) HPs)
             Began as a Merfolk Gladiator on July 26, 2022.
             Was a High Priest of Fedhas.
             Slain by an orc warrior
             ... wielding a +0 war axe
              (6 damage)
             ... on level 13 of the Dungeon.
             The game lasted 01:59:02 (32179 turns).

2tc the Green Death (Merfolk Gladiator)            Turns: 32179, Time: 01:59:04

HP:   -2/121 (126)  AC: 21    Str: 24    XL:     16   Next: 31%
MP:   22/36         EV: 20    Int: 15    God:    Fedhas [*****.]
Gold: 903           SH:  0    Dex: 20    Spells: 15/15 levels left

rFire   + . .      SeeInvis .   W - +3 demon trident (vamp)
rCold   + . .      Faith    .   (no shield)
rNeg    . . .      Spirit   .   B - +5 steam dragon scales
rPois   .          Reflect  .   c - +1 helmet
rElec   .          Harm     .   O - +0 cloak
rCorr   .          Rampage  .   A - +0 pair of gloves
Will    +....                   I - +2 pair of boots {Fly}
Stlth   ++........              R - amulet of regeneration
HPRegen 1.10/turn               E - ring "Faydwog" {rF+ rC+}
MPRegen 0.25/turn               U - ring "Mep Ceng" {MP+9 Str+7 Int+7}

@: flying, hasted and slowed, lightly drained
A: (nimble swimmer 2), mertail
a: Renounce Religion, Wall of Briars, Grow Ballistomycete, Overgrow, Grow Oklob


You were on level 13 of the Dungeon.
You worshipped Fedhas.
Fedhas was extremely pleased with you.
You visited 5 branches of the dungeon, and saw 24 of its levels.
You also visited: Sewer.

You collected 1627 gold pieces.
You spent 724 gold pieces at shops.

Inventory:

Hand Weapons
 a - a +1 trident of venom
 g - a +0 dagger of draining
 s - a +0 spear
 W - a +3 vampiric demon trident (weapon)
Missiles
 d - 3 throwing nets (quivered)
 e - 8 javelins
 V - 2 silver javelins
Armour
 c - a +1 helmet (worn)
 A - a +0 pair of gloves (worn)
 B - +5 steam dragon scales (worn)
 I - a +2 pair of boots of flying (worn)
 O - a +0 cloak (worn)
Jewellery
 b - a ring of protection from cold
 v - an amulet of faith
 w - a +4 ring of protection
 y - a ring of ice
 D - a +6 ring of intelligence
 E - the ring "Faydwog" (left hand) {rF+ rC+}
   (You bought it in a shop on level 2 of the Shoals)

   [ring of protection from cold]

   rF:        It protects you from fire.
   rC:        It protects you from cold.
 G - a +4 ring of protection
 H - a ring of wizardry
 Q - a ring of see invisible
 R - an amulet of regeneration (around neck)
 S - a ring of wizardry
 U - the ring "Mep Ceng" (right hand) {MP+9 Str+7 Int+7}
   (You found it on level 1 of the Shoals)

   [ring of magical power]

   Str:       It affects your strength (+7).
   Int:       It affects your intelligence (+7).
   MP:        It affects your magic capacity (+9).
Wands
 n - a wand of charming (3)
 J - a wand of roots (12)
Scrolls
 l - a scroll of enchant armour
 r - 5 scrolls of blinking
 t - 2 scrolls of teleportation
 C - 9 scrolls of identify
 N - a scroll of brand weapon
 P - 2 scrolls of magic mapping
Potions
 f - 6 potions of attraction
 h - 4 potions of magic
 i - a potion of berserk rage
 k - 7 potions of lignification
 m - 6 potions of curing
 p - a potion of cancellation
 q - 4 potions of invisibility
 u - 3 potions of brilliance
 x - 3 potions of flight
 z - 2 potions of mutation
 L - 4 potions of ambrosia
 T - a potion of haste
Miscellaneous
 F - a lightning rod (4/4)
 M - a condenser vane


   Skills:
 + Level 11.4 Fighting
 - Level 14.0 Polearms
 - Level 2.0 Throwing
 * Level 10.1 Armour
 - Level 12.0 Dodging
 - Level 10.0 Shields
 - Level 15.7 Invocations
 - Level 10.0 Evocations


You had 15 spell levels left.
You didn't know any spells.
Your spell library contained the following spells:

 Spells                   Type           Power      Damage    Failure   Level
 Apportation              Tloc           0%         N/A       26%         1
 Foxfire                  Conj/Fire      0%         2x1d4     26%         1
 Necrotise                Necr           0%         1d4       26%         1
 Summon Small Mammal      Summ           0%         N/A       26%         1
 Ensorcelled Hibernation  Hex/Ice        0%         N/A       38%         2
 Passwall                 Tmut/Erth      0%         N/A       38%         2
 Static Discharge         Conj/Air       0%         3-3/arc   38%         2
 Call Canine Familiar     Summ           0%         N/A       63%         3
 Conjure Flame            Conj/Fire      0%         6-21      63%         3
 Gell's Gravitas          Tloc           0%         N/A       63%         3
 Inner Flame              Hex/Fire       0%         N/A       63%         3
 Portal Projectile        Hex/Tloc       0%         N/A       63%         3
 Swiftness                Air            0%         N/A       63%         3
 Teleport Other           Tloc           0%         N/A       63%         3
 Tukima's Dance           Hex            0%         N/A       63%         3
 Animate Dead             Necr           0%         N/A       95%         4
 Flame Wave               Conj/Fire      0%         2d4       95%         4
 Leda's Liquefaction      Hex/Erth       0%         N/A       95%         4
 Summon Lightning Spire   Summ/Air       0%         N/A       95%         4
 Blade Hands              Tmut           0%         N/A       100%        5
 Lightning Bolt           Conj/Air       0%         1d11      100%        5
 Dispersal                Tloc           0%         N/A       100%        6
 Haunt                    Necr/Summ      0%         N/A       100%        7
 Storm Form               Tmut/Air       0%         N/A       100%        7
 Infestation              Necr           0%         N/A       100%        8
 Maxwell's Capacitive Co  Air            0%         ∞         100%        8


Dungeon Overview and Level Annotations

Branches:
Dungeon (13/15)            Temple (1/1) D:4            Lair (5/5) D:8
 Shoals (3/4) Lair:3        Snake (2/4) Lair:3        Slime (0/5) Lair:4
    Orc (0/2) D:9           Sewer (visited)
 Vaults: D:13-14

Altars:
Ashenzari
Cheibriados
Dithmenos
Elyvilon
Fedhas
Gozag
Hepliaklqana
Kikubaaqudgha
Makhleb
Nemelex Xobeh
Okawaru
Qazlal
Ru
Sif Muna
Trog
Uskayaw
Vehumet
Wu Jian
Xom
Yredelemnul
Zin
The Shining One
Jiyva

Shops:
D:5 (   D:7 [   D:9 [   D:10 [   D:13 (   Shoals:2 =   Snake:2 (

Annotations:
D:4 1 runed translucent door, LetschGu's ghost, amateur FoHu
D:10 3 runed translucent doors, Libelnon's ghost, novice FeIE
D:11 3 runed translucent doors, TheBestFelid's ghost, novice FeAE
Snake:2 Nikola


Innate Abilities, Weirdness & Mutations

((You are very nimble when in or above water. (Stealth+, EV+, Speed+++)))
Your lower body shifts to a powerful aquatic tail in water.


Message History

You feel drained. The orc warrior closely misses you.
The orc warrior hits your briar patch with a +0 war axe.
The deep elf archer shoots an arrow.
The arrow barely misses you.
The arrow hits Niblutiv's ghost!
Niblutiv's ghost is destroyed!
The naga warrior hits your oklob plant from afar with a +0 halberd!!!
Your oklob plant is destroyed!
Your oklob plant disappears in a puff of smoke!
The naga warrior shouts!
A briar patch grows up from the ground. x2; The orc warrior barely misses you.
The orc warrior hits your briar patch with a +0 war axe.
The orc warrior hits your briar patch with a +0 war axe!
The orc warrior hits your briar patch with a +0 war axe.
The orc warrior misses you.
The orc warrior hits your briar patch but does no damage.
The naga warrior hits you from afar with a +0 halberd.
Unknown command.
You closely miss the orc warrior.
The orc warrior is moderately wounded.
The orc warrior hits you with a +0 hand axe!
The orc warrior hits your briar patch but does no damage.
The orc warrior closely misses you.
The orc warrior hits your briar patch but does no damage. x2
The orc warrior hits your briar patch with a +0 war axe.
The naga warrior hits you from afar with a +0 halberd!
* * * LOW HITPOINT WARNING * * *
You feel yourself speed up.
The orc warrior hits you but does no damage.
The orc warrior hits your briar patch with a +0 war axe. x2
Your briar patch is destroyed!
Your briar patch disappears in a puff of smoke!
The orc warrior hits your briar patch with a +0 war axe.
The orc warrior hits you with a +0 hand axe.
* * * LOW HITPOINT WARNING * * *
The orc warrior hits your briar patch with a +0 hand axe.
The naga warrior hits you from afar with a +0 halberd!!
* * * LOW HITPOINT WARNING * * *
The orc warrior hits you with a +0 war axe.
You die...
Fedhas appreciates your contribution to the ecosystem.

....###...#######......##....#
....###...##..##########.....#
................# #....##
..............[.# ######
................#
................##########
######..#..#...e...#...... ..#
###########Po.#.#.#.. ..#
#@o.#.8.8.. ..# #§P.)....[#
..# #.N)'....)_ .###### ###
##PP'....)# .###..####.##
#.P#.8.8.. ......#.....###
#*.#.#.#..
.<....#.......###..#......
......#.....#..###########
##############.#


You could see a naga warrior (corroded, ally target), a deep elf archer (repels
missiles), 2 orc warriors, a friendly ballistomycete (summoned) and a friendly
ballistomycete spore.

Vanquished Creatures
  Jorgrun (Snake:1)
  Polyphemus (Shoals:2)
  A merfolk impaler (D:13)
  A merfolk javelineer (Shoals:1)
  5 hydras
  A salamander tyrant (Snake:1)
  4 merfolk avatars
  2 anacondas (Snake:1)
  A catoblepas (Shoals:2)
  2 two-headed ogres
  A merfolk aquamancer (Shoals:2)
  4 centaur warriors
  6 death yaks
  A naga warrior (Snake:1)
  A satyr (Shoals:2)
  3 shock serpents
  4 naga sharpshooters (Snake:1)
  Nergalle (Lair:3)
  A fire crab (Lair:4)
  2 salamander mystics
  Amaemon (D:8)
  4 sea snakes
  2 lindwurms (Lair:5)
  Pikel (D:6)
  An orc knight (D:12)
  A deep elf pyromancer (D:12)
  16 harpies
  A mana viper (Snake:1)
  2 ugly things (D:12)
  A faun (Shoals:2)
  5 cyclopes
  10 salamanders
  5 manticores
  Maurice (D:11)
  6 merfolk sirens
  2 water nymphs
  5 black mambas
  8 elephants
  5 naga magi (Snake:1)
  A molten gargoyle (Lair:1)
  A torpor snail (Lair:3)
  2 centaur zombies (D:11)
  An orange demon (D:8)
  9 cane toads
  An unseen horror (D:12)
  2 rime drakes
  A freezing wraith (D:12)
  3 kobold demonologists
  5 komodo dragons
  10 merfolk
  2 polar bears
  6 wind drakes
  A troll (D:11)
  A wolf spider simulacrum (D:12)
  3 slime creatures (D:12)
  8 dream sheep
  A snapping turtle (Shoals:2)
  8 blink frogs
  3 shadows
  6 water elementals
  2 vampires
  2 wraiths
  5 fire bats (Lair:1)
  A wyvern (Lair:2)
  56 yaks
  6 basilisks
  3 steam dragons
  2 vampire mosquitoes (D:13)
  9 nagas
  An acid dragon (D:13)
  Duvessa (D:7)
  9 water moccasins
  3 sky beasts
  A black bear (D:6)
  3 ice beasts
  2 orc warriors
  An ogre (D:5)
  6 centaurs
  7 wolves
  A lemure (D:6)
  A phantom (D:6)
  8 kobold brigands
  13 bullfrogs
  A gnoll sergeant (D:9)
  A necrophage (D:7)
  2 scorpions
  A killer bee (D:8)
  2 electric eels (Lair:1)
  3 howler monkeys (D:9)
  4 lava snakes (Lair:1)
  6 jellies
  3 orc priests
  A hound (D:5)
  3 iguanas
  8 orc wizards
  16 hell rats
  9 gnolls
  13 adders
  A river rat (Sewer)
  2 shadow imps
  A white imp (D:7)
  4 worms
  3 dart slugs
  20 orcs
  10 ball pythons
  3 bats
  11 endoplasms
  3 giant cockroaches
  9 goblins
  7 hobgoblins
  3 jackals (D:5)
  21 kobolds
  3 quokkas
  5 frilled lizards
  12 rats
  A ballistomycete spore (D:8)
530 creatures vanquished.

Vanquished Creatures (collateral kills)
  Mlioglotl (Snake:1)
  A dire elephant (Lair:5)
  2 merfolk impalers
  A merfolk javelineer (Shoals:3)
  A hydra (Lair:5)
  A death yak (Lair:5)
  3 harpies (Shoals:2)
  A manticore (Shoals:1)
  2 black mambas (Lair:5)
  An elephant (Lair:5)
  A rime drake (Lair:5)
  A troll (D:13)
  A merfolk (Shoals:3)
  A wind drake (Shoals:3)
  2 hornets (Lair:5)
  A slime creature (D:12)
  A dream sheep (Lair:5)
  A water elemental (Shoals:2)
  3 yaks
  A basilisk (Lair:3)
  3 nagas (Snake:1)
  A water moccasin (Lair:5)
  An orc warrior (D:13)
  4 wolves
  A bullfrog (Lair:1)
  Dowan (D:7)
  4 hell rats (Lair:1)
  3 kobolds (D:11)
  7 ballistomycete spores (D:8)
52 creatures vanquished.

Vanquished Creatures (others)
  The ghost of Niblutiv the Covert, a journeyman HuAr (D:13)
  A hobgoblin (D:3)
  4 kobolds (D:8)
  33 fungi
  59 plants
98 creatures vanquished.

Grand Total: 680 creatures vanquished

Notes
Turn   | Place    | Note
-------+----------+-------------------------------------------
     0 | D:1      | 2tc the Merfolk Gladiator began the quest for the Orb.
     0 | D:1      | Reached XP level 1. HP: 16/16 MP: 1/1
   171 | D:1      | Reached XP level 2. HP: 20/22 MP: 2/2
   422 | D:1      | Found a faded altar of an unknown god.
   432 | D:1      | Prayed at the altar of an unknown god.
   432 | D:1      | Became a worshipper of Fedhas Madash
   432 | D:1      | Reached * piety under Fedhas
   641 | D:1      | Reached skill level 5 in Polearms
  1167 | D:1      | You fall into a shaft and drop 1 floor!
  1189 | D:2      | Reached XP level 3. HP: 27/27 MP: 3/3
  1642 | D:2      | Reached XP level 4. HP: 33/33 MP: 4/4
  1770 | D:2      | Reached ** piety under Fedhas
  2985 | D:4      | Reached XP level 5. HP: 36/38 MP: 5/5
  3155 | D:4      | Found a staircase to the Ecumenical Temple.
  3204 | D:4      | Found a runed translucent door.
  3204 | D:4      | Noticed LetschGu's ghost (amateur FoHu)
  3225 | D:4      | Found a glowing drain.
  3245 | D:4      | Reached *** piety under Fedhas
  3250 | Sewer    | Entered a sewer
  3525 | Sewer    | Noticed a kobold brigand
  3542 | Sewer    | Killed a kobold brigand
  3543 | Sewer    | Reached XP level 6. HP: 43/44 MP: 6/6
  3858 | Sewer    | Reached skill level 10 in Polearms
  3858 | Sewer    | Reached XP level 7. HP: 43/50 MP: 7/7
  4262 | Temple   | Entered the Ecumenical Temple
  4334 | D:4      | Found a shadowy altar of Dithmenos.
  4377 | D:4      | Found a basalt altar of Yredelemnul.
  4378 | D:4      | Found a sacrificial altar of Ru.
  4378 | D:4      | Found an opulent altar of Gozag.
  4380 | D:4      | Found a shimmering blue altar of Sif Muna.
  4381 | D:4      | Found a radiant altar of Vehumet.
  4584 | D:5      | Entered Level 5 of the Dungeon
  4603 | D:5      | Found a glowing golden altar of the Shining One.
  4954 | D:5      | Reached **** piety under Fedhas
  4967 | D:5      | HP: 1/50 [ogre/+0 giant spiked club (21)]
  4973 | D:5      | Reached XP level 8. HP: 36/56 MP: 8/8
  5204 | D:5      | Found Daeben's Weapon Emporium.
  5704 | D:5      | Found an ancient bone altar of Kikubaaqudgha.
  6455 | D:6      | Noticed Pikel
  6483 | D:6      | Killed Pikel
  6484 | D:6      | Reached skill level 5 in Invocations
  6484 | D:6      | Reached XP level 9. HP: 40/61 MP: 5/12
  7140 | D:7      | Reached skill level 6 in Invocations
  7177 | D:7      | Reached skill level 1 in Armour
  7673 | D:7      | Noticed Duvessa
  7675 | D:7      | Found Zerucopn's Antique Armour Boutique.
  7679 | D:7      | Noticed Dowan
  7690 | D:7      | Killed Dowan
  7691 | D:7      | Reached skill level 5 in Dodging
  7722 | D:7      | Killed Duvessa
  8115 | D:8      | Noticed Amaemon
  8116 | D:8      | Noticed an orange demon
  8323 | D:8      | Found a staircase to the Lair.
  8417 | D:8      | Killed Amaemon
  8418 | D:8      | Reached XP level 10. HP: 8/71 MP: 10/14
  8792 | D:8      | Reached skill level 7 in Invocations
  8881 | D:8      | Reached skill level 8 in Invocations
  9120 | D:8      | Killed an orange demon
  9121 | D:8      | Reached skill level 9 in Invocations
  9477 | D:9      | Noticed a two-headed ogre
  9565 | D:9      | Found a staircase to the Orcish Mines.
  9756 | D:8      | Reached skill level 10 in Invocations
 10039 | D:9      | Killed a two-headed ogre
 10491 | D:9      | Reached XP level 11. HP: 34/77 MP: 18/18
 10727 | D:9      | Reached skill level 5 in Armour
 10732 | D:9      | Reached ***** piety under Fedhas
 10777 | D:9      | Reached skill level 1 in Evocations
 11079 | D:9      | Found Efanotywk's Antique Armour Boutique.
 11086 | D:9      | Bought a pair of glowing boots for 217 gold pieces
 11121 | D:9      | Found a snail-covered altar of Cheibriados.
 11201 | D:10     | Entered Level 10 of the Dungeon
 11427 | D:10     | Found Naxaosis's Antique Armour Shoppe.
 11526 | Lair:1   | Entered Level 1 of the Lair of Beasts
 11615 | Lair:1   | Reached skill level 5 in Fighting
 12893 | Lair:1   | Noticed a salamander
 13036 | Lair:1   | Reached skill level 10 in Dodging
 13581 | Lair:1   | Killed a salamander
 14249 | Lair:2   | Reached XP level 12. HP: 53/89 MP: 19/19
 15600 | Lair:2   | Noticed an eight-headed hydra
 15613 | Lair:2   | Reached skill level 10 in Fighting
 15636 | Lair:2   | Killed an eight-headed hydra
 16245 | Lair:3   | Noticed a six-headed hydra
 16251 | Lair:3   | Killed a six-headed hydra
 16350 | Lair:3   | Found a staircase to the Snake Pit.
 16386 | Lair:3   | Reached skill level 11 in Invocations
 16769 | Lair:3   | Noticed Nergalle
 16786 | Lair:3   | Killed Nergalle
 16787 | Lair:3   | Reached skill level 12 in Invocations
 16884 | Lair:3   | Reached XP level 13. HP: 68/104 MP: 22/22
 17243 | Lair:3   | Found a staircase to the Shoals.
 17840 | Lair:4   | Reached skill level 13 in Invocations
 17939 | Lair:4   | You are sucked into a shaft and drop 1 floor!
 17939 | Lair:5   | Entered Level 5 of the Lair of Beasts
 18652 | Lair:4   | Found a staircase to the Slime Pits.
 18652 | Lair:4   | Found a viscous altar of Jiyva.
 18670 | Lair:4   | Reached ****** piety under Fedhas
 19077 | Lair:5   | Reached skill level 14 in Invocations
 19836 | Lair:5   | Reached skill level 1 in Shields
 20403 | Lair:5   | Reached skill level 15 in Invocations
 20915 | Lair:5   | Reached skill level 5 in Shields
 20964 | Lair:5   | Found the +10 dark maul {vorpal}
 21320 | Lair:5   | Noticed a dire elephant
 21330 | Lair:5   | Killed a dire elephant
 21331 | Lair:5   | Reached skill level 5 in Evocations
 21347 | Lair:5   | Reached XP level 14. HP: 78/111 MP: 15/25
 22532 | D:10     | Found a runed translucent gate.
 22533 | D:10     | Found a runed translucent gate.
 22533 | D:10     | Found a runed translucent gate.
 22533 | D:10     | Noticed Libelnon's ghost (novice FeIE)
 22695 | D:11     | Found a runed translucent gate.
 22695 | D:11     | Found a runed translucent gate.
 22695 | D:11     | Found a runed translucent gate.
 22696 | D:11     | Noticed TheBestFelid's ghost (novice FeAE)
 22773 | D:11     | Noticed Maurice
 22785 | D:11     | Killed Maurice
 23226 | D:11     | Found a basalt altar of Yredelemnul.
 23919 | D:12     | Reached skill level 10 in Evocations
 25632 | D:13     | Found a runed translucent gate.
 25632 | D:13     | Found a runed translucent gate.
 25635 | D:13     | Found a runed translucent gate.
 25636 | D:13     | Noticed Niblutiv's ghost (journeyman HuAr)
 25699 | D:13     | Found Ceguq's Weapon Shop.
 25967 | D:13     | Found an iron altar of Okawaru.
 26182 | Shoals:1 | Entered Level 1 of the Shoals
 26369 | Shoals:1 | Identified the ring "Mep Ceng" {MP+9 Str+7 Int+7}
 27341 | Shoals:2 | Found Osuen's One-of-a-Kind Rings.
 27425 | Shoals:2 | Bought the ring "Faydwog" {rF+ rC+} for 507 gold pieces
 27447 | Shoals:2 | Reached XP level 15. HP: 94/117 MP: 26/26
 27745 | Shoals:2 | Noticed Polyphemus
 27779 | Shoals:2 | Killed Polyphemus
 29854 | Snake:1  | Entered Level 1 of the Snake Pit
 29854 | Snake:1  | Noticed Jorgrun
 29868 | Snake:1  | Reached skill level 10 in Shields
 29869 | Snake:1  | Killed Jorgrun
 29871 | Snake:1  | Noticed Mlioglotl
 29886 | Snake:1  | Killed Mlioglotl
 30653 | Snake:1  | Reached XP level 16. HP: 118/124 MP: 25/27
 31145 | Snake:2  | Found Liubla's Weapon Boutique.
 31811 | Snake:2  | Noticed Nikola
 32156 | D:13     | Reached skill level 10 in Armour
 32176 | D:13     | Killed Niblutiv's ghost
 32179 | D:13     | HP: 4/121 [naga warrior/+0 halberd (19)]
 32179 | D:13     | Slain by an orc warrior

Illustrated notes

Levels and vault maps discovered:
D:1:      dpeg_arrival_simpleton_b, layout_basic,
          hellmonk_ecumenical_altar_zigzags, columned_hall_lemuel,
          minmay_misc_feat_x, dreamdust_mushroom_princess, minmay_distorted
D:2:      layout_basic
D:3:      layout_basic, lemuel_flame_loot_1
D:4:      layout_cave_pools, grunt_temple_overflow_open,
          minmay_temple_entry_trees, portal_sewer_entry_c,
          hellmonk_ghost_happy_afterlife
D:5:      layout_basic, mainiacjoe_overflow_small_starburst,
          mainiacjoe_overflow_alcove_4, serial_shops, nicolae_shop_crystal,
          minmay_statues_item, minmay_misc_feat_encased
D:6:      layout_loops_ring, minmay_misc_feat_room, minmay_misc_feat_rugged,
          uniq_pikel
D:7:      layout_gridville, serial_shops, shop_statue, uniq_duvessa
D:8:      layout_rooms, lair_entry_dummy, moated_statue, minmay_bent,
          uniq_amaemon
D:9:      layout_rooms, mainiacjoe_overflow_alcove_1, orc_0_dummy, serial_shops,
          nicolae_shop_statue_plus, kennysheep_generic_room_14
D:10:     layout_small_grid, gammafunk_ghost_hydra_chop, serial_shops,
          nicolae_shop_trees
D:11:     layout_loops_cross, ebering_ghost_rock_garden,
          lemuel_zombie_altar_yredelemnul, uniq_maurice
D:12:     layout_irregular_city, minivault_28
D:13:     layout_gridville, gammafunk_ghost_fury_of_okawaru, serial_shops,
          nicolae_diamond_shop, dreamdust_princess_corridor
Temple:   cyrus_circular_temple
Lair:1:   layout_chaotic_city, lemuel_fruit_tree, serial_bayou_shore_a
Lair:2:   layout_cave_pods, st_stairs_11, small_statue_intersection
Lair:3:   layout_chaotic_city, elwin_shoals_entry_stream, dummy_snake_entry,
          serial_bayou_shore_b, uniq_nergalle
Lair:4:   layout_loops_ring, nicolae_slime_entry_slimehenge, grunt_megastairs_2,
          infiniplex_staircase_pool_2, serial_bayou_shore_b
Lair:5:   hangedman_lair_in_review, layout_gridlike, serial_bayou_shore_b
Shoals:1: layout_shoals
Shoals:2: layout_shoals, nicolae_shop_unique_rings, uniq_polyphemus
Shoals:3: layout_shoals
Snake:1:  layout_onion, grunt_ministairs_11, st_stairs_11, grunt_megastairs_5,
          uniq_jorgrun, uniq_mlioglotl
Snake:2:  layout_onion_interference, serial_shops, shop, drop_trap,
          nicolae_snake_gridmaze_swirls, hangedman_snake_pattern,
          nicolae_specific_store, grunt_ministairs_14, uniq_nikola

Skill      XL: |  1  2  3  4  5  6  7  8  9 10 11 12 13 14 15 16 |
---------------+-------------------------------------------------+-----
Polearms       | 5 6 7 8 10 12 14 | 14.0
Invocations    | 5 6 10 12 15 | 15.7
Armour         | 2 4 5 7 9 10 | 10.1
Dodging        | 8 12 | 12.0
Fighting       | 3 4 6 10 11 | 11.4
Evocations     | 4 6 10 | 10.0
Shields        | 5 10 | 10.0
Throwing       | |  2.0

Action                   |  1- 3 |  4- 6 |  7- 9 | 10-12 | 13-15 | 16-18 || total
-------------------------+-------+-------+-------+-------+-------+-------++-------
Melee: Trident           |    31 |   182 |   270 |   894 |  1514 |       ||  2891
       Dagger            |   110 |       |       |       |       |       ||   110
       Punch             |       |     2 |     4 |    12 |    19 |     4 ||    41
       Tailslap          |       |     4 |       |       |       |       ||     4
       Demon trident     |       |       |       |       |   165 |   191 ||   356
Throw: Throwing net      |       |       |       |       |     1 |       ||     1
Invok: Wall of Briars    |       |       |     1 |     5 |    21 |     4 ||    31
       Grow Ballistomyce |       |       |     1 |     1 |       |     1 ||     3
       Grow Oklob        |       |       |       |     1 |     7 |     2 ||    10
Evoke: Wand              |       |       |     3 |    17 |    40 |       ||    60
       Lightning rod     |       |       |       |     2 |     7 |       ||     9
       Condenser vane    |       |       |       |       |     3 |       ||     3
  Use: Scroll            |     6 |    11 |     8 |     6 |    14 |     3 ||    48
       Potion            |       |     1 |     4 |     8 |     5 |     6 ||    24
 Stab: Sleeping          |     1 |     4 |     2 |     3 |     6 |     1 ||    17
       Confused          |       |       |     2 |     1 |     3 |       ||     6
       Distracted        |       |       |       |     1 |     3 |     1 ||     5
       Petrified         |       |       |       |       |     7 |       ||     7
Armor: Leather armour    |    37 |    16 |    41 |     4 |       |       ||    98
       Steam dragon scal |       |       |       |   129 |   386 |    45 ||   560
Dodge: Dodged            |    87 |    76 |   109 |   391 |  1045 |    93 ||  1801

Table legend: (Time is in decaauts)
 A = Elapsed time spent in this place.
 B = Non-inter-level travel time spent in this place.
 C = Inter-level travel time spent in this place.
 D = Time resting spent in this place.
 E = Time spent auto-exploring this place.
 F = Levels seen in this place.
 G = Mean time per level.
                   A        B        C        D        E       F      G
               +--------+--------+--------+--------+--------+-----+--------+
         Total |  30418 |  28374 |   2044 |   2867 |  20191 |  25 | 1216.7 |
       Dungeon |  15363 |  14293 |   1070 |    948 |  10859 |  13 | 1181.8 |
        Temple |     59 |     50 |      9 |      0 |     42 |   1 |   59.0 |
          Lair |   9901 |   9321 |    580 |   1478 |   6361 |   5 | 1980.2 |
        Shoals |   2520 |   2354 |    166 |    138 |   1525 |   3 |  840.0 |
     Snake Pit |   1952 |   1734 |    218 |    303 |    934 |   2 |  976.0 |
         Sewer |    620 |    620 |      0 |      0 |    469 |   1 |  620.0 |
               +--------+--------+--------+--------+--------+-----+--------+

Top non-repeatable levels by time:
  Lair:1: 2696 daAuts
  Lair:5: 1981 daAuts
  Lair:2: 1832 daAuts
  Lair:3: 1734 daAuts
     D:8: 1685 daAuts
  Lair:4: 1656 daAuts
 Snake:1: 1569 daAuts
    D:12: 1565 daAuts
     D:7: 1558 daAuts
    D:10: 1346 daAuts
    D:11: 1176 daAuts
     D:1: 1169 daAuts
     D:9: 1169 daAuts
     D:5: 1134 daAuts
     D:6: 1107 daAuts
